 Dungeon Crawl Stone Soup version 0.29-a0-90-gc37658a0fe (webtiles) character file.

Game seed: 12881553551813035790

1281 lordive the Ruffian (level 8, 0/112 HPs)
             Began as a Troll Hunter on Feb 7, 2022.
             Was an Initiate of Cheibriados.
             Succumbed to a water moccasin's poison
             ... on level 5 of the Dungeon.
             The game lasted 00:06:13 (3853 turns).

lordive the Ruffian (Troll Hunter)                  Turns: 3853, Time: 00:06:14

Health: 0/112      AC:  4    Str: 22    XL:     8   Next: 29%
Magic:  7/7        EV: 10    Int: 10    God:    Cheibriados [......]
Gold:   201        SH:  0    Dex: 11    Spells: 7/7 levels left

rFire   . . .      SeeInvis .     - Unarmed
rCold   . . .      Faith    .   (no shield)
rNeg    + . .      Spirit   .   m - +0 robe {rN+}
rPois   .          Reflect  .   (helmet restricted)
rElec   .          Harm     .   (no cloak)
rCorr   .          Rampage  .   (gloves unavailable)
Will    .....                   (boots unavailable)
Stlth   ..........              (no amulet)
HPRegen 1.08/turn               (no ring)
MPRegen 0.10/turn               (no ring)

@: brilliant, berserking, lethally poisoned (0 -> -5), attractive, very slow
A: large, unfitting armour, claws 3, regeneration 1, shaggy fur 1, tough skin 1
a: Renounce Religion


You were on level 5 of the Dungeon.
You worshipped Cheibriados.
Cheibriados was noncommittal.
You visited 1 branch of the dungeon, and saw 5 of its levels.

You collected 201 gold pieces.

Inventory:

Missiles
 b - 5 large rocks (quivered)
 d - 2 throwing nets
Armour
 m - a +0 robe of positive energy (worn)
Wands
 n - a wand of iceblast (13)
Scrolls
 c - 2 scrolls of amnesia {unknown}
 e - 2 scrolls of fear {unknown}
 f - a scroll of enchant weapon {unknown}
 g - 5 scrolls of identify {unknown}
 h - 2 scrolls of teleportation {unknown}
 j - a scroll of vulnerability {unknown}
 p - a scroll of enchant armour {unknown}
 q - a scroll of fog {unknown}
Potions
 i - a potion of lignification {unknown}
 k - 2 potions of attraction
 l - a potion of brilliance
 o - a potion of might {unknown}


   Skills:
 * Level 3.1 Fighting
 * Level 4.7 Throwing
 + Level 3.9 Dodging
 + Level 1.8 Stealth
 + Level 6.8 Unarmed Combat
 * Level 0.4 Invocations


You had 7 spell levels left.
You didn't know any spells.
Your spell library contained the following spells:

 Spells                   Type           Power      Damage    Failure   Level
 Slow                     Hex            0%         N/A       36%         1
 Confusing Touch          Hex            0%         N/A       75%         3
 Vampiric Draining        Necr           0%         2d6       75%         3
 Animate Dead             Necr           0%         N/A       98%         4
 Haunt                    Necr/Summ      0%         N/A       100%        7
 Infestation              Necr           0%         N/A       100%        8


Dungeon Overview and Level Annotations

Branches:
Dungeon (5/15)             Temple (0/1) D:4

Altars:
Cheibriados
Hepliaklqana
Nemelex Xobeh
Sif Muna
Wu Jian
The Shining One


Innate Abilities, Weirdness & Mutations

You are too large for most types of armour.
You have claws for hands.
Your natural rate of healing is unusually fast.
You are covered in fur. (AC +1)
You have tough skin. (AC +1)


Message History

* * * LOW HITPOINT WARNING * * *
The water moccasin bites you.
* * * LOW HITPOINT WARNING * * *
You are poisoned.
The water moccasin poisons you!
You miss the water moccasin.
You feel sick. The water moccasin barely misses you.
You barely miss the water moccasin.
You feel sick. The water moccasin barely misses you.
A sky beast comes into view.
You mangle the water moccasin!!
The water moccasin is severely wounded.
You feel sick. The water moccasin closely misses you.
You miss the water moccasin.
The water moccasin is severely wounded.
You feel sick. The water moccasin barely misses you.
You barely miss the water moccasin.
The water moccasin is severely wounded.
You feel sick. The water moccasin bites you.
* * * LOW HITPOINT WARNING * * *
The water moccasin bites you.
* * * LOW HITPOINT WARNING * * *
You are lethally poisoned!
The water moccasin poisons you!
It was a potion of attraction.
You feel attractive to monsters.
* * * LOW HITPOINT WARNING * * *
You feel very sick.
The water moccasin bites you but does no damage.
It was a potion of brilliance.
You feel clever all of a sudden.
* * * LOW HITPOINT WARNING * * *
You feel very sick. The water moccasin barely misses you.
The water moccasin bites you.
* * * LOW HITPOINT WARNING * * *
It was a potion of berserk rage.
A red film seems to cover your vision as you go berserk!
Cheibriados protects you from inadvertent hurry.
You feel mighty!
You die...

#. #.. .. ##. #.# ## #..
## .. #.## #######. ...
#..#########....... ....
#..##.......######
....#####.....####### #.
........#@.##..##########.
.......ZS#..#.............
........Z##...............
♣....♣...##....PPP...PPP..
♣♣.. ♣†..###..P.PP...P.PP.
. .....# #..PPPP...PP.P.
.⌠....##


#..PPPP...PPPP. ......... ............... .♣...♣♣.. #........⌠...... You could
see a water moccasin, a bullfrog zombie and a water moccasin skeleton.

Vanquished Creatures
  Pikel (D:3)
  An ogre (D:4)
  A necrophage (D:4)
  The ghost of lordive the Magician, an amateur GnWz of Ashenzari (D:3)
  A lemure (D:3)
  A water moccasin zombie (D:5)
  2 scorpions (D:4)
  2 hounds (D:5)
  A jelly (D:5)
  A bullfrog skeleton (D:5)
  An iguana (D:4)
  Ijyb (D:4)
  Natasha (twice) (D:3)
  An orc wizard (D:4)
  A hound skeleton (D:4)
  5 adders
  An adder skeleton (D:4)
  2 worms
  2 dart slugs (D:1)
  16 orcs
  12 endoplasms
  4 giant cockroaches
  3 goblins
  7 hobgoblins
  3 jackals (D:1)
  2 quokkas
  5 ball pythons
  5 bats
  5 kobolds
  7 rats
97 creatures vanquished.

Notes
Turn   | Place    | Note
-------+----------+-------------------------------------------
     0 | D:1      | lordive the Troll Hunter began the quest for the Orb.
     0 | D:1      | Reached XP level 1. HP: 19/19 MP: 0/0
    94 | D:1      | Reached XP level 2. HP: 27/27 MP: 1/1
   416 | D:1      | Reached XP level 3. HP: 30/33 MP: 2/2
   799 | D:2      | Reached skill level 1 in Unarmed Combat
   974 | D:2      | Reached XP level 4. HP: 40/41 MP: 3/3
  1220 | D:3      | Reached skill level 2 in Unarmed Combat
  1412 | D:3      | Noticed Natasha
  1417 | D:3      | Killed Natasha
  1602 | D:3      | Found a sparkling altar of Nemelex Xobeh.
  1602 | D:3      | Found a shimmering blue altar of Sif Muna.
  1602 | D:3      | Found an ornate altar of the Wu Jian Council.
  1758 | D:3      | Found a glowing golden altar of the Shining One.
  1873 | D:3      | Found a runed translucent door.
  1875 | D:3      | Noticed lordive's ghost (amateur GnWz)
  1926 | D:3      | Noticed Natasha
  1945 | D:3      | Killed Natasha
  1946 | D:3      | Reached skill level 3 in Unarmed Combat
  1946 | D:3      | Reached XP level 5. HP: 6/49 MP: 4/4
  2085 | D:3      | Killed lordive's ghost
  2281 | D:4      | Reached skill level 1 in Stealth
  2281 | D:4      | Reached XP level 6. HP: 57/57 MP: 5/5
  2491 | D:4      | Noticed Pikel
  2583 | D:3      | Killed Pikel
  2584 | D:3      | Reached skill level 5 in Unarmed Combat
  2584 | D:3      | Reached XP level 7. HP: 31/66 MP: 6/6
  2720 | D:4      | Noticed Ijyb
  2729 | D:4      | Killed Ijyb
  2757 | D:4      | Found a staircase to the Ecumenical Temple.
  2858 | D:4      | Found a hazy altar of Hepliaklqana.
  2865 | D:4      | Reached skill level 6 in Unarmed Combat
  2945 | D:4      | Identified the +5 dagger of the Hungering Saviour {holy,
                  | rElec rCorr Int+3}
  3096 | D:4      | Found a snail-covered altar of Cheibriados.
  3104 | D:4      | Reached XP level 8. HP: 70/74 MP: 7/7
  3200 | D:4      | Became a worshipper of Cheibriados the Contemplative
  3319 | D:5      | Entered Level 5 of the Dungeon
  3852 | D:5      | HP: 1/75 [water moccasin (5)]
  3853 | D:5      | Succumbed to a water moccasin's poison

Illustrated notes

Levels and vault maps discovered:
D:1:      onia_arrival_handbag, layout_loops_cross
D:2:      layout_rooms, minmay_pentomino_v2
D:3:      layout_loops_corners, gammafunk_temple_overflow_claw,
          mainiacjoe_overflow_six_doors_small, ebering_ghost_reflecting_pool,
          uniq_natasha
D:4:      layout_basic, lemuel_tele_altar, minmay_temple_entry_glassed_door,
          minmay_ruined_shrine, uniq_ijyb, uniq_pikel
D:5:      layout_cave_pods, xom_confusion_cloud, kennysheep_vampire_church,
          serial_park, serial_park_tiny_1, serial_park_square2,
          serial_park_avenue1, serial_park_square3 [serial_park_minivault_5x5_1]

Skill      XL: |  1  2  3  4  5  6  7  8 |
---------------+-------------------------+-----
Throwing       | 4 |  4.7
Dodging        | 2 3 |  3.9
Unarmed Combat | 1 3 5 6 |  6.8
Stealth        | 1 |  1.8
Fighting       | 2 3 |  3.1
Invocations    | |  0.4

Action                   |  1- 3 |  4- 6 |  7- 9 || total
-------------------------+-------+-------+-------++-------
Melee: Unarmed           |   102 |   113 |   103 ||   318
       Punch             |     3 |       |     2 ||     5
Throw: Large rock        |       |     6 |       ||     6
  Use: Potion            |       |       |     3 ||     3
 Stab: Sleeping          |     2 |     2 |       ||     4
Armor: Robe              |    35 |    18 |    25 ||    78
Dodge: Dodged            |    49 |    55 |    49 ||   153

Table legend: (Time is in decaauts)
 A = Elapsed time spent in this place.
 B = Non-inter-level travel time spent in this place.
 C = Inter-level travel time spent in this place.
 D = Time resting spent in this place.
 E = Time spent auto-exploring this place.
 F = Levels seen in this place.
 G = Mean time per level.
                   A        B        C        D        E       F      G
               +--------+--------+--------+--------+--------+-----+--------+
         Total |   4018 |   3808 |    210 |    169 |   2821 |   5 |  803.6 |
       Dungeon |   4018 |   3808 |    210 |    169 |   2821 |   5 |  803.6 |
               +--------+--------+--------+--------+--------+-----+--------+

Top non-repeatable levels by time:
     D:3: 1298 daAuts
     D:4: 902 daAuts
     D:5: 672 daAuts
     D:1: 625 daAuts
     D:2: 519 daAuts
